 Dungeon Crawl Stone Soup version 0.32-a0-871-ge202e49faa (webtiles) character file.

Game seed: 9439903171734719659

9742 ezpacito the Chopper (level 11, -8/84 HPs)
             Began as a Coglin Chaos Knight on Mar 28, 2024.
             Was a Plaything of Xom.
             Mangled by a komodo dragon (31 damage)
             ... on level 11 of the Dungeon on Mar 29, 2024.
             The game lasted 00:14:06 (10880 turns).

ezpacito the Chopper (Coglin Chaos Knight)         Turns: 10880, Time: 00:14:06

Health: -8/84      AC: 20    Str: 18    XL:     11   Next: 51%
Magic:  18/18      EV:  8    Int: 11    God:    Xom [......]
Gold:   771        SH:  0    Dex: 13    Spells: 4/17 levels left

rFire   + . .        a - +1 hand axe (chaos) {Gabriela}
rCold   . . .        F - +0 trident (chaos) {Clara}
rNeg    . . .        x - +3 plate armour {rF+}
rPois   .            d - +1 hat
rElec   +            m - +0 cloak
rCorr   .            f - +0 pair of gloves
SInv    .            j - +0 pair of boots
Will    +....        (amulet unavailable) Stlth
                     (ring unavailable)
HPRegen 0.34/turn    (ring unavailable)
MPRegen 0.16/turn    (no gizmo)

%: no passive effects
@: revving
A: off-hand wielding, slow wielding, warmup strikes, no jewellery, antennae 2,
high MP 1, strong-willed 1, electricity resistance, no potion heal 1, sturdy
frame 1
a: Invent Gizmo, Renounce Religion


You were on level 11 of the Dungeon.
You worshipped Xom.
You were a very special plaything of Xom.
You visited 1 branch of the dungeon, and saw 11 of its levels.

You collected 958 gold pieces.
You spent 187 gold pieces at shops.

Inventory:

Hand Weapons
 a - a +1 hand axe of chaos (weapon) {Gabriela}
 e - a +0 war axe
 o - a +2 dagger of venom {Edeltraud}
 F - a +0 trident of chaos (offhand) {Clara}
 M - a +4 hand axe
Missiles
 r - 19 poisoned darts (quivered)
 C - 7 boomerangs
 L - a curare-tipped dart
Armour
 d - a +1 hat (worn)
 f - a +0 pair of gloves (worn)
 j - a +0 pair of boots (worn)
 m - a +0 cloak (worn)
 p - a +0 helmet
 x - a +3 plate armour of fire resistance (worn)
Magical Staves
 c - a staff of air
Wands
 u - a wand of flame (29)
 K - a wand of acid (3)
Scrolls
 k - 2 scrolls of summoning
 s - 2 scrolls of vulnerability
 t - 3 scrolls of teleportation
 w - 3 scrolls of noise
 y - 2 scrolls of poison
 B - 5 scrolls of blinking
 E - a scroll of silence
 J - 5 scrolls of enchant armour
Potions
 q - 3 potions of curing
 v - 3 potions of lignification
 z - a potion of mutation
 A - 3 potions of attraction
 D - 2 potions of brilliance
 G - a potion of enlightenment


   Skills:
 * Level 7.5 Fighting
 * Level 7.7(8.3) Axes
 + Level 4.5(6.4) Polearms
 * Level 6.5 Armour
 * Level 6.4 Dodging
 + Level 4.5 Stealth
 + Level 3.9 Spellcasting
 + Level 3.0 Necromancy
 + Level 3.5 Alchemy
 + Level 5.9 Evocations


You had 4 spell levels left.
You knew the following spells:

 Your Spells              Type           Power      Damage    Failure   Level
a - Cigotuvi's Dreadful   Necr/Alch/Air  12%        N/A       92%         2
b - Ignite Poison         Fire/Alch      6%         N/A       100%        4
c - Petrify               Alch/Erth      6%         N/A       100%        4
A - Ozocubu's Armour      Ice            2%         N/A       100%        3

Your spell library contained the following spells:

 Spells                   Type           Power      Damage    Failure   Level
 Sublimation of Blood     Necr           8%         N/A       85%         2
 Scorch                   Fire           4%         2d5       99%         2
 Frozen Ramparts          Ice            4%         1d1       100%        3
 Inner Flame              Hex/Fire       2%         N/A       100%        3
 Flame Wave               Conj/Fire      2%         2d4       100%        4
 Freezing Cloud           Conj/Ice/Air   1%         6-21      100%        5
 Irradiate                Conj/Alch      3%         3d12      100%        5
 Metabolic Englaciation   Hex/Ice        1%         N/A       100%        5
 Summon Cactus Giant      Summ           1%         N/A       100%        6
 Ignition                 Fire           1%         3d3       100%        8


Dungeon Overview and Level Annotations

Branches:
Dungeon (11/15)            Temple (0/1) D:7            Lair (0/5) D:11
    Orc (0/2) D:11

Altars:
Okawaru
Trog
Uskayaw
Yredelemnul

Shops:
D:1 *   D:5 (=*   D:7 [   D:8 :


Innate Abilities, Weirdness & Mutations

You can wield a second weapon in your off-hand.
It takes a long time for you to wield or remove held weapons.
Your first few attacks do less damage.
You cannot equip rings or amulets.
You have a pair of antennae on your head.
You have an increased reservoir of magic. (+10% MP)
You are strong-willed. (Will+)
You are resistant to electric shocks. (rElec)
Potions are less effective at restoring your health.
Your movements are slightly less encumbered by armour. (ER -2)


Message History

You are too confused!
A nearby fungus withers and dies.
You regained 2 hp, and now have 26/84 hp.
You bump into the rock wall.
The komodo dragon bites you but does no damage.
Something bites you.
* * * LOW HITPOINT WARNING * * *
You take 3 damage, and have 23/84 hp.
You bump into the rock wall.
You feel less invigorated.
You feel less confused. The komodo dragon bites you!
* * * LOW HITPOINT WARNING * * *
Something bites you.
* * * LOW HITPOINT WARNING * * *
You take 10 damage, and have 13/84 hp.
You hit something but do no damage.
You hit the komodo dragon but do no damage.
The komodo dragon seems to grow stronger.
You closely miss something with your +0 trident of chaos.
The komodo dragon barely misses you. Something bites you but does no damage.
You puncture something with your +0 trident of chaos!
You feel better.
You miss something with your +1 hand axe of chaos.
You hit the komodo dragon but do no damage.
The komodo dragon bites you.
* * * LOW HITPOINT WARNING * * *
Something bites you but does no damage.
You take 3 damage, and have 10/84 hp.
As you read the scroll of fear, it crumbles to dust.
You assume a fearsome visage.
The komodo dragon looks frightened!
You see here a +0 chain mail.
You start resting.
A komodo dragon is nearby!
You regained 9 hp, and now have 22/84 hp.
You barely miss the komodo dragon with your +0 trident of chaos.
The komodo dragon is heavily wounded.
You hit the komodo dragon with your +1 hand axe of chaos.
The komodo dragon bites you!!
You die...
Xom titters!

#...##))..PP....PP.P.
##..).#........S.P..P
##..†.#..P........PP.
#.....#.....÷..PP..P.
##.....#..Pl....>PP...
#......#.........P.P..
##...###..........P.P..
#....l.#[..P.....O.PP.P
########.....@#.........h.PPP$
#....##.......#...P.......HP
##....##.....######......
#....##)........# ......
##.[..##.......#.# ......
#....##....##....# .....
#....##....##....# .#..P
##........## ....# #........#
.###


You could see a komodo dragon (strong).

Vanquished Creatures
  Erolcha (D:9)
  A manticore (D:11)
  Maurice (D:10)
  Sigmund (D:3)
  3 wyverns
  A shadow (D:9)
  A steam dragon (D:7)
  9 yaks
  4 vampire mosquitoes (D:11)
  2 acid dragons
  3 water moccasins
  2 ice beasts (D:6)
  3 orc warriors
  A sky beast (D:7)
  2 black bears
  10 ogres
  A boggart (D:3)
  An ogre (shapeshifter) (D:5)
  2 centaurs
  3 kobold brigands
  A phantom (D:3)
  4 bullfrogs
  3 scorpions (D:5)
  4 wights (D:10)
  8 killer bees (D:7)
  2 howler monkeys (D:7)
  2 bombardier beetles
  3 hounds
  A jelly (D:5)
  12 orc priests
  3 sleepcaps
  6 iguanas
  Natasha (thrice) (D:3)
  7 orc wizards
  Robin (D:2)
  5 gnolls
  6 adders
  4 shadow imps
  4 white imps
  2 ufetubi (D:6)
  2 ribbon worms
  4 dart slugs
  26 orcs
  9 endoplasms
  7 hobgoblins
  16 kobolds
  6 quokkas
  9 ball pythons
  4 bats
  7 frilled lizards
  16 goblins
  4 rats
243 creatures vanquished.

Vanquished Creatures (collateral kills)
  A troll (D:9)
  A gnoll sergeant (D:5)
  A scorpion (D:5)
  A bombardier beetle (D:5)
  An iguana (D:5)
  A sleepcap (D:5)
  An adder (D:5)
  2 gnolls (D:5)
  A white imp (D:5)
  An orc (D:5)
11 creatures vanquished.

Vanquished Creatures (others)
  A glass eye (D:10)
  An orc priest (D:7)
  An orc wizard (D:7)
  4 frilled lizards (D:4)
7 creatures vanquished.

Grand Total: 261 creatures vanquished

Notes
Turn   | Place    | Note
-------+----------+-------------------------------------------
     0 | D:1      | ezpacito the Coglin Chaos Knight began the quest for the
                  | Orb.
     0 | D:1      | Reached XP level 1. HP: 18/18 MP: 1/1
    84 | D:1      | Reached skill level 1 in Dodging
   356 | D:1      | Found Soilibaa's Assorted Antiques.
   511 | D:1      | Reached XP level 2. HP: 24/24 MP: 2/2
   547 | D:1      | XOM: cloud trail
   706 | D:1      | XOM: silly message
   877 | D:1      | Found a faded altar of an unknown god.
  1090 | D:2      | Noticed Robin
  1098 | D:2      | Reached XP level 3. HP: 22/29 MP: 3/3
  1105 | D:2      | Killed Robin
  1555 | D:2      | Reached XP level 4. HP: 35/35 MP: 4/4
  1828 | D:3      | Noticed Natasha
  1835 | D:3      | Killed Natasha
  1836 | D:3      | Reached skill level 1 in Stealth
  1877 | D:3      | XOM: confusion (+ monsters)
  1880 | D:3      | Noticed a phantom
  1886 | D:3      | Reached XP level 5. HP: 26/41 MP: 5/5
  1892 | D:3      | Gained mutation: You are partially covered in large bone
                  | plates. (SH +4) [potion of mutation]
  1892 | D:3      | Gained mutation: You have a pair of small antennae on your
                  | head. [potion of mutation]
  1892 | D:3      | Gained mutation: You are somewhat resistant to further
                  | mutation. [potion of mutation]
  1898 | D:3      | XOM: potion effect (curing)
  1900 | D:3      | Killed a phantom
  1901 | D:3      | Reached skill level 1 in Polearms
  1901 | D:3      | Reached skill level 1 in Spellcasting
  1901 | D:3      | Reached XP level 6. HP: 10/48 MP: 5/7
  2107 | D:3      | Noticed Natasha
  2107 | D:3      | XOM: 3-stop teleportation journey
  2123 | D:3      | Killed Natasha
  2189 | D:3      | Noticed Natasha
  2237 | D:3      | Killed Natasha
  2381 | D:3      | XOM: polymorph hobgoblin -> boggart
  2522 | D:3      | Noticed Sigmund
  2529 | D:3      | Killed Sigmund
  2530 | D:3      | Reached skill level 1 in Evocations
  2530 | D:3      | Reached XP level 7. HP: 43/54 MP: 7/9
  2702 | D:1      | Bought a potion of attraction for 72 gold pieces
  2702 | D:1      | Bought a grey potion for 21 gold pieces
  2702 | D:1      | Bought a scroll labelled RACSENK COMM for 24 gold pieces
  3074 | D:4      | XOM: god gift: 52 gold pieces
  3225 | D:4      | XOM: destruction
  3627 | D:5      | Entered Level 5 of the Dungeon
  3687 | D:5      | XOM: summons friendly ufetubus
  3705 | D:5      | an ice beast changed into a shapeshifter
  3705 | D:5      | Noticed a shapeshifter (shapeshifter)
  3705 | D:5      | XOM: polymorph ice beast -> shapeshifter
  3705 | D:5      | a shapeshifter changed into a sky beast
  3708 | D:5      | XOM: 2-stop teleportation journey
  3785 | D:5      | XOM: 2-stop teleportation journey
  3801 | D:5      | Found Voilec's Jewellery Emporium.
  3813 | D:5      | Reached XP level 8. HP: 30/61 MP: 10/10
  4009 | D:5      | Reached skill level 5 in Axes
  4076 | D:5      | Reached skill level 5 in Fighting
  4209 | D:5      | XOM: give mutations
  4209 | D:5      | Gained mutation: You are strong-willed. (Will+) [Xom's
                  | grace]
  4209 | D:5      | Gained mutation: You are partially covered in iridescent
                  | scales. (AC +2) [Xom's grace]
  4209 | D:5      | Lost mutation: You are somewhat resistant to further
                  | mutation. [Xom's grace]
  4209 | D:5      | Gained mutation: You have hidden genetic potential. [Xom's
                  | grace]
  4209 | D:5      | Gained mutation: You have an increased reservoir of magic.
                  | (+10% MP) [Xom's grace]
  4260 | D:5      | Found Afobo's General Store.
  4270 | D:5      | Bought a potion of heal wounds for 70 gold pieces
  4296 | D:5      | XOM: 5-stop teleportation journey
  4332 | D:5      | Found Zewarch's Antique Weapon Emporium.
  4534 | D:5      | Reached XP level 9. HP: 59/68 MP: 13/13
  4661 | D:5      | XOM: scenery: 1 doors close
  4662 | D:5      | XOM: confuse monster(s)
  4667 | D:5      | XOM: scenery: 1 doors open
  4798 | D:5      | XOM: confuse monster(s)
  5234 | D:6      | XOM: give mutation
  5234 | D:6      | Gained mutation: You are resistant to electric shocks.
                  | (rElec) [Xom's grace]
  5467 | D:6      | Gained mutation: Your muscles are strong. (Str +4, Int/Dex
                  | -1) [hidden potential]
  5643 | D:6      | Reached skill level 5 in Armour
  5842 | D:6      | XOM: cloud trail
  5845 | D:6      | Learned a level 2 spell: Cigotuvi's Dreadful Rot
  5850 | D:6      | Learned a level 4 spell: Ignite Poison
  5855 | D:6      | Learned a level 4 spell: Petrify
  5859 | D:6      | Learned a level 3 spell: Ozocubu's Armour
  5964 | D:7      | Found a basalt altar of Yredelemnul.
  5978 | D:7      | Found a hide-covered altar of Uskayaw.
  5983 | D:7      | Found a bloodstained altar of Trog.
  6137 | D:7      | Reached skill level 5 in Dodging
  6141 | D:7      | Reached skill level 1 in Alchemy
  6227 | D:7      | XOM: divination: magic mapping
  6352 | D:7      | XOM: scenery: 1 doors close
  6409 | D:7      | XOM: give mutation
  6409 | D:7      | Gained mutation: Your movements are slightly less
                  | encumbered by armour. (ER -2) [Xom's grace]
  6666 | D:7      | Found a staircase to the Ecumenical Temple.
  6666 | D:7      | Found Vuanea Xiopu's Armour Boutique.
  6666 | D:7      | XOM: 6-stop teleportation journey
  6680 | D:7      | Reached XP level 10. HP: 52/76 MP: 15/15
  6723 | D:7      | XOM: summons 3 hostile shadow creatures
  6912 | D:7      | Reached skill level 1 in Necromancy
  7485 | D:8      | Found Nugudofa's Book Shoppe.
  7526 | D:8      | XOM: 2-stop teleportation journey
  7758 | D:8      | XOM: swap monsters
  7766 | D:8      | XOM: 1-stop teleportation journey
  7784 | D:8      | Gained mutation: You have a pair of antennae on your head.
                  | [hidden potential]
  7784 | D:8      | Lost mutation: You have hidden genetic potential. [hidden
                  | potential expressed]
  7819 | D:8      | Saving game... please wait.
  7819 | D:8      | Upgraded the game from 0.32-a0-868-g153ae1a8d6 to
                  | 0.32-a0-871-ge202e49faa
  7825 | D:8      | XOM: summons 3 hostile shadow creatures
  7913 | D:8      | XOM: 7-stop teleportation journey
  8614 | D:9      | XOM: give mutations
  8614 | D:9      | Lost mutation: You are partially covered in iridescent
                  | scales. (AC +2) [Xom's mischief]
  8614 | D:9      | Lost mutation: Your muscles are strong. (Str +4, Int/Dex
                  | -1) [Xom's mischief]
  8614 | D:9      | Gained mutation: Potions are less effective at restoring
                  | your health. [Xom's mischief]
  8661 | D:9      | XOM: polymorph troll -> troll
  8666 | D:9      | XOM: summons 10 friendly demons
  8669 | D:9      | Reached skill level 5 in Evocations
  8735 | D:9      | Noticed Erolcha
  8744 | D:9      | XOM: scenery: summon butterflies
  8747 | D:9      | Killed Erolcha
  9266 | D:9      | XOM: give mutation
  9266 | D:9      | Lost mutation: You are partially covered in large bone
                  | plates. (SH +4) [Xom's mischief]
  9301 | D:9      | XOM: summons 1 hostile demon
  9310 | D:10     | Entered Level 10 of the Dungeon
  9367 | D:10     | Noticed Lodul
  9369 | D:10     | Lodul changed into Lodul the glass eye
  9369 | D:10     | Noticed Lodul
  9369 | D:10     | XOM: polymorph Lodul -> Lodul the glass eye
  9375 | D:10     | XOM: chaos upgrade
  9379 | D:10     | Reached XP level 11. HP: 81/84 MP: 17/17
  9385 | D:10     | Killed Lodul the glass eye
  9385 | D:10     | XOM: divine lightning
  9599 | D:10     | Found an iron altar of Okawaru.
  9599 | D:10     | Noticed Maurice
  9599 | D:10     | XOM: 1-stop teleportation journey
  9636 | D:10     | Killed Maurice
 10132 | D:10     | XOM: summons 1 hostile shadow creature
 10346 | D:10     | XOM: summons friendly shadow imp
 10354 | D:10     | XOM: summons friendly iron imp
 10361 | D:10     | XOM: confuse monster(s)
 10456 | D:11     | Found a staircase to the Orcish Mines.
 10510 | D:11     | Found a staircase to the Lair.
 10510 | D:11     | Noticed a two-headed ogre
 10510 | D:11     | XOM: 3-stop teleportation journey
 10524 | D:11     | Noticed a manticore
 10568 | D:11     | XOM: 2-stop teleportation journey
 10573 | D:11     | XOM: 1-stop teleportation journey
 10758 | D:11     | Killed a manticore
 10835 | D:11     | XOM: enchant monster (bad)
 10880 | D:11     | Mangled by a komodo dragon

Illustrated notes

Levels and vault maps discovered:
D:1:      wander_arrival_lonely_grave, layout_basic, serial_shops,
          nicolae_shop_stone, dilly_ecumenical_altar_fadedgnrine
D:2:      layout_basic, uniq_robin
D:3:      layout_rooms, nicolae_wormholes, uniq_natasha, uniq_sigmund
D:4:      layout_loops_ring, fountainhead, minmay_lizard_king
D:5:      minmay_chambers_of_threes, layout_basic, serial_shops, shop,
          nicolae_shop_dealshenge, nicolae_lakefront_shop
D:6:      layout_basic, fountainhead, st_stairs_13
D:7:      layout_basic, minmay_overflow_temple_star_quad,
          minmay_temple_entry_statues_fountains, serial_shops, shop
D:8:      layout_layer_cave, serial_shops, nicolae_diamond_shop, minmay_orc_keep
D:9:      layout_cave_pools, uniq_erolcha
D:10:     layout_long_grid, mainiacjoe_overflow_concentric_impassable,
          uniq_maurice, uniq_lodul
D:11:     layout_stronghold, due_lair_maze_entry_diamond, orc_0_dummy,
          nicolae_two_hexagons, serial_library_hellmonk_big_corner

Skill      XL: |  1  2  3  4  5  6  7  8  9 10 11 |
---------------+----------------------------------+-----
Dodging        | 1 2 3 4 5 6 |  6.4
Armour         | 2 3 4 5 6 |  6.5
Stealth        | 1 2 3 4 |  4.5
Polearms       | 1 2 3 4 |  4.5
Spellcasting   | 1 2 3 |  3.9
Axes           | 4 5 6 7 |  7.7
Fighting       | 4 5 6 7 |  7.5
Evocations     | 1 2 3 4 5 |  5.9
Alchemy        | 1 2 3 |  3.5
Necromancy     | 2 3 |  3.0

Action                     |  1- 3 |  4- 6 |  7- 9 | 10-12 || total
---------------------------+-------+-------+-------+-------++-------
  Melee: Dagger            |    56 |    75 |   260 |    13 ||   404
         Hand axe          |    55 |    74 |   260 |   230 ||   619
         Trident           |       |       |       |   241 ||   241
  Throw: Dart              |       |       |       |     6 ||     6
  Evoke: Wand              |       |       |     2 |     7 ||     9
    Use: Potion            |       |     4 |     2 |    12 ||    18
         Scroll            |       |     1 |    11 |    16 ||    28
   Stab: Sleeping          |     1 |     2 |       |     1 ||     4
         Invisible         |       |     1 |       |     5 ||     6
         Paralysed         |       |       |     3 |     1 ||     4
         Confused          |       |       |     6 |     8 ||    14
         Held in net/web   |       |       |       |     2 ||     2
         Distracted        |       |       |       |     1 ||     1
 Armour: Leather armour    |    44 |    55 |       |       ||    99
         Plate armour      |       |     5 |   252 |   261 ||   518
  Dodge: Dodged            |    46 |    47 |    89 |    97 ||   279
  Block: Other             |       |     7 |    56 |    19 ||    82

Table legend: (Time is in decaauts)
 A = Elapsed time spent in this place.
 B = Non-inter-level travel time spent in this place.
 C = Inter-level travel time spent in this place.
 D = Time resting spent in this place.
 E = Time spent auto-exploring this place.
 F = Levels seen in this place.
 G = Mean time per level.
                   A        B        C        D        E       F      G
               +--------+--------+--------+--------+--------+-----+--------+
         Total |  10918 |  10472 |    446 |    473 |   8315 |  11 |  992.5 |
       Dungeon |  10918 |  10472 |    446 |    473 |   8315 |  11 |  992.5 |
               +--------+--------+--------+--------+--------+-----+--------+

Top non-repeatable levels by time:
     D:8: 1494 daAuts
     D:5: 1461 daAuts
    D:10: 1156 daAuts
     D:7: 1151 daAuts
     D:2: 1133 daAuts
     D:1: 973 daAuts
     D:4: 855 daAuts
     D:6: 836 daAuts
     D:9: 757 daAuts
     D:3: 697 daAuts
    D:11: 401 daAuts
